[Event "Titled Tuesday Blitz August 24 2021"]
[White "Bilan, Danila"]
[Black "Devaev, Alexander"]
[WhiteFideId "24161918"]
[BlackFideId "4169395"]
[WhiteElo "2164"]
[BlackElo "2185"]
[Result "1-0"]
[Round "09"]
[TimeControl "180+1"]
[Date "2021.08.24"]
[WhiteClock "0:00:13"]
[BlackClock "0:00:15"]

1. d4 Nf6 2. Nf3 e6 3. g3 c5 4. Bg2 Nc6 5. O-O cxd4 6. Nxd4 Be7 7. c4 O-O 8. Nc3 Ne5 9. b3 d6 10. Bb2 a6 11. Qd2 Qc7 12. Rfd1 Rb8 13. Rac1 Re8 14. h3 Bf8 15. Ne4 Nxe4 16. Bxe4 f5 17. Bg2 Bd7 18. f4 Nc6 19. e4 Nxd4 20. Qxd4 fxe4 21. Bxe4 Bc6 22. Rd2 Qf7 23. Kh2 Bxe4 24. Qxe4 d5 25. cxd5 exd5 26. Qd3 Rbd8 27. Be5 Rd7 28. Qd4 h6 29. Rcd1 Rc8 30. Qd3 Bb4 31. Rc2 Re8 32. Rdc1 Bd6 33. Bd4 Ba3 34. Rd1 Re4 35. Rc8+ Bf8 36. Bc5 Re8 37. Rxe8 Qxe8 38. Bxf8 Qxf8 39. Re1 Qf7 40. Qd4 Rc7 41. Re2 Rd7 42. h4 Rc7 43. Re5 Rd7 44. f5 Rd6 45. g4 Qc7 46. Kg3 Rc6 47. g5 hxg5 48. hxg5 Rc3+ 49. Kg4 Rc1 50. Re8+ Kf7 51. Qe3 Rg1+ 52. Kh3 Rg3+ 53. Qxg3 Qxg3+ 54. Kxg3 Kxe8 55. Kf4 Ke7 56. Ke5 d4 57. Kxd4 Kd6 58. Ke4 b5 59. f6 gxf6 60. gxf6 Ke6 61. Kd4 Kxf6 62. Kc5 Ke5 63. Kb6 Kd4 64. Kxa6 b4 65. Kb5 Kc3 66. Ka4 Kd4 67. Kxb4 1-0


[Site "https://www.chess.com"]

[Event "Titled Tuesday Blitz August 24 2021"]
[White "Biletskiy, Danylo"]
[Black "Martin, Lewis"]
[WhiteFideId "14155419"]
[BlackFideId "410551"]
[WhiteElo "2099"]
[BlackElo "2145"]
[Result "1-0"]
[Round "09"]
[TimeControl "180+1"]
[Date "2021.08.24"]
[WhiteClock "0:01:02"]
[BlackClock "0:00:17"]

1. e4 c5 2. Nf3 d6 3. d4 cxd4 4. Nxd4 Nf6 5. Nc3 a6 6. Bg5 e6 7. f4 b5 8. Qf3 Bb7 9. O-O-O Nbd7 10. a3 Be7 11. g4 Rc8 12. Bxf6 Nxf6 13. g5 Nd7 14. f5 Ne5 15. Qg3 Bxg5+ 16. Kb1 Bf6 17. fxe6 O-O 18. exf7+ Rxf7 19. Bh3 Rxc3 20. Qxc3 Bxe4 21. Rhe1 Bd5 22. Ne6 Qa8 23. Rxd5 Nc4 24. Nd4 Qxd5 25. Re8+ Rf8 26. Be6+ Qxe6 27. Rxf8+ Kxf8 28. Nxe6+ Ke7 29. Qe1 Kd7 30. Nf4 Bxb2 31. Qe6+ Kc7 32. Nd5+ Kc6 33. Nb4+ Kb6 34. Qd5 Bxa3 35. Qc6+ Ka5 36. Nd3 Nb6 37. Qc3+ b4 38. Qc7 Kb5 39. Qxd6 a5 40. Qc5+ Ka6 41. Qc6 Ka7 42. Nc5 1-0


[Site "https://www.chess.com"]

[Event "Titled Tuesday Blitz August 24 2021"]
[White "Bobkov, Vadim"]
[Black "Ivanchuk, Vasyl"]
[WhiteFideId "34110876"]
[BlackFideId "14100010"]
[WhiteElo "2609"]
[BlackElo "2744"]
[Result "0-1"]
[Round "09"]
[TimeControl "180+1"]
[Date "2021.08.24"]
[WhiteClock "0:00:01"]
[BlackClock "0:00:43"]

1. d4 d5 2. c4 e6 3. Nc3 c6 4. Nf3 dxc4 5. e3 b5 6. a4 Bb4 7. Bd2 a5 8. axb5 Bxc3 9. Bxc3 cxb5 10. b3 Bb7 11. bxc4 b4 12. Bd2 Nf6 13. Bd3 Nbd7 14. O-O O-O 15. Qb1 Qc7 16. e4 e5 17. Re1 Rfe8 18. Bg5 exd4 19. Nxd4 Ng4 20. e5 h6 21. Bf4 Ngxe5 22. Bg3 Qb6 23. Nf5 Qf6 24. Bh4 g5 25. Bg3 Nxd3 26. Qxd3 Nc5 27. Nxh6+ Qxh6 28. Qf5 Ne4 29. Qb5 Qc6 30. Qf5 Qg6 31. Qb5 Bc6 32. Qb6 Bd7 33. Qc7 Bf5 0-1


[Site "https://www.chess.com"]

[Event "Titled Tuesday Blitz August 24 2021"]
[White "Castellanos Rodriguez, Renier"]
[Black "davigator"]
[WhiteFideId "3404650"]
[WhiteElo "2612"]
[BlackElo "2408"]
[Result "1-0"]
[Round "09"]
[TimeControl "180+1"]
[Date "2021.08.24"]
[WhiteClock "0:00:07"]
[BlackClock "0:00:01"]

1. e4 c5 2. Nf3 Nc6 3. Bb5 g6 4. O-O Bg7 5. Re1 Nh6 6. c3 O-O 7. h3 f5 8. e5 Nf7 9. d4 cxd4 10. cxd4 e6 11. h4 h6 12. Nc3 Ne7 13. d5 a6 14. Ba4 b5 15. Bb3 Kh7 16. Bf4 Qb6 17. Rc1 a5 18. Be3 Qb8 19. Bc5 Re8 20. a4 b4 21. Nb5 Nxd5 22. Bxd5 exd5 23. Qxd5 Nh8 24. h5 Ra6 25. Bd6 Qb7 26. hxg6+ Nxg6 27. Qf7 Rg8 28. Qxf5 Rc6 29. Nh4 Bh8 30. Rxc6 dxc6 31. e6 cxb5 32. Rc1 Rg7 33. Nxg6 Bxe6 34. Nf8+ Kg8 35. Qxe6+ Qf7 36. Qxf7+ Rxf7 37. Ne6 Bxb2 38. Rc8+ Kh7 39. axb5 b3 40. b6 Bf6 41. Rc7 b2 42. Rxf7+ Kg6 43. Rxf6+ Kxf6 44. Bc7 b1=Q+ 45. Kh2 Qf5 46. f4 Qxe6 47. g4 Qxg4 48. Be5+ 1-0


[Site "https://www.chess.com"]

[Event "Titled Tuesday Blitz August 24 2021"]
[White "Cunha, Lucas Aguiar"]
[Black "Cunjalo, Faris"]
[WhiteFideId "2125404"]
[BlackFideId "14410710"]
[WhiteElo "2361"]
[BlackElo "2234"]
[Result "1-0"]
[Round "09"]
[TimeControl "180+1"]
[Date "2021.08.24"]
[WhiteClock "0:00:13"]
[BlackClock "0:00:02"]

1. e4 c6 2. d4 d5 3. e5 c5 4. dxc5 e6 5. a3 Bxc5 6. b4 Be7 7. Nf3 Nd7 8. Bd3 f6 9. Bb2 Nh6 10. O-O Nf7 11. exf6 Bxf6 12. Bxf6 Qxf6 13. Nbd2 O-O 14. c4 Nde5 15. Be2 Rd8 16. Qb3 a5 17. Rad1 axb4 18. axb4 Bd7 19. Qe3 Ba4 20. Ra1 Nxf3+ 21. Bxf3 d4 22. Qe4 Bc6 23. Qb1 Rxa1 24. Qxa1 d3 25. Bxc6 bxc6 26. Qa3 Qd4 27. Qb3 c5 28. b5 Nd6 29. Re1 e5 30. Re3 e4 31. g4 Rf8 32. h3 h5 33. Qd1 hxg4 34. Qxg4 Nxc4 35. Qe6+ Kh7 36. Qxc4 Qxc4 37. Nxc4 Rd8 38. Nd2 Rd4 39. Rxe4 1-0


[Site "https://www.chess.com"]

[Event "Titled Tuesday Blitz August 24 2021"]
[White "Damjanovic, Vladimir"]
[Black "Labussiere, Yago"]
[WhiteFideId "903795"]
[BlackFideId "2186969"]
[WhiteElo "2374"]
[BlackElo "1857"]
[Result "1-0"]
[Round "09"]
[TimeControl "180+1"]
[Date "2021.08.24"]
[WhiteClock "0:00:31"]
[BlackClock "0:00:02"]

1. e4 c5 2. Nf3 d6 3. d4 cxd4 4. Nxd4 Nf6 5. Nc3 Nc6 6. Bg5 e6 7. Qd2 Qb6 8. Nb3 Be7 9. O-O-O a6 10. Be3 Qc7 11. Be2 O-O 12. g4 b5 13. g5 Nd7 14. a3 Bb7 15. h4 Nc5 16. Kb1 Rfd8 17. h5 b4 18. axb4 Nxb4 19. g6 Nxb3 20. gxf7+ Kxf7 21. cxb3 Qa5 22. Bd3 Rac8 23. Na4 Rc6 24. h6 g6 25. f4 Rdc8 26. f5 gxf5 27. exf5 e5 28. f6 Bxf6 29. Rhf1 e4 30. Rxf6+ Kxf6 31. Qf2+ Ke7 32. Rf1 Kd7 33. Qf7+ Kd8 34. Rf5 1-0


[Site "https://www.chess.com"]

[Event "Titled Tuesday Blitz August 24 2021"]
[White "De Silva, L M S T"]
[Black "Tanenbaum, Zachary"]
[WhiteFideId "9953698"]
[BlackFideId "2060850"]
[WhiteElo "1621"]
[BlackElo "2165"]
[Result "0-1"]
[Round "09"]
[TimeControl "180+1"]
[Date "2021.08.24"]
[WhiteClock "0:00:01"]
[BlackClock "0:00:08"]

1. Nf3 d5 2. b3 c5 3. Bb2 f6 4. d3 e5 5. e4 d4 6. g3 Nc6 7. Bg2 Bd6 8. O-O Nge7 9. c3 dxc3 10. Nxc3 O-O 11. Ne2 b5 12. Nd2 a6 13. a4 Be6 14. f4 Bg4 15. h3 Bh5 16. g4 Bf7 17. f5 Nb4 18. Nc1 Bc7 19. Nf3 Qd6 20. Bc3 Nec6 21. Qe2 Bb6 22. Kh1 Rfd8 23. Rd1 c4 24. axb5 cxd3 25. Qd2 axb5 26. Rxa8 Rxa8 27. Nxd3 Ra2 28. Nxb4 Rxd2 29. Rxd2 Qc5 30. Nd5 Bxd5 31. exd5 e4 32. Bd4 Qc1+ 33. Kh2 Nxd4 34. Rxd4 Bc7+ 35. d6 exf3 0-1


[Site "https://www.chess.com"]

[Event "Titled Tuesday Blitz August 24 2021"]
[White "Delorme, Alban"]
[Black "Rahman, Ziaur"]
[WhiteFideId "623636"]
[BlackFideId "10200037"]
[WhiteElo "2197"]
[BlackElo "2460"]
[Result "0-1"]
[Round "09"]
[TimeControl "180+1"]
[Date "2021.08.24"]
[WhiteClock "0:01:05"]
[BlackClock "0:00:09"]

1. e4 c5 2. Nf3 d6 3. d4 cxd4 4. Qxd4 Nc6 5. Bb5 Bd7 6. Bxc6 Bxc6 7. Nc3 Nf6 8. Bg5 e6 9. Qd3 Be7 10. Nd4 O-O 11. O-O-O Rc8 12. f4 Ng4 13. Bxe7 Qxe7 14. Qf3 Nf6 15. Rhe1 Nd7 16. f5 Ne5 17. Qg3 Bd7 18. Rf1 Kh8 19. Nf3 exf5 20. exf5 Bc6 21. Nxe5 dxe5 22. f6 gxf6 23. Qh4 Rg8 24. Rxf6 Rg6 25. Rf4 Qxh4 26. Rxh4 Rxg2 27. Rd2 Rcg8 28. b3 Rxd2 29. Kxd2 Rg2+ 30. Kd3 Kg7 31. b4 f5 32. b5 Be8 33. Rc4 Kh6 34. Rc7 Rg7 35. Rc8 Bg6 36. Nd5 f4+ 37. Ke2 Be4 38. Nf6 Bf5 39. c4 Bxc8 0-1


[Site "https://www.chess.com"]

[Event "Titled Tuesday Blitz August 24 2021"]
[White "Demchenko, Anton"]
[Black "Murzin, Volodar"]
[WhiteFideId "4160258"]
[BlackFideId "44155573"]
[WhiteElo "2583"]
[BlackElo "2541"]
[Result "1/2-1/2"]
[Round "09"]
[TimeControl "180+1"]
[Date "2021.08.24"]
[WhiteClock "0:00:05"]
[BlackClock "0:00:02"]

1. e4 c6 2. d4 d5 3. e5 Bf5 4. h4 h5 5. Bd3 Bxd3 6. Qxd3 Qa5+ 7. Bd2 Qa6 8. e6 Qxd3 9. exf7+ Kxf7 10. cxd3 Nh6 11. Nh3 Nd7 12. Bc3 g6 13. Nd2 Bg7 14. Nf3 Nf5 15. O-O-O Bf6 16. g3 Rhc8 17. Kb1 c5 18. dxc5 Bxc3 19. bxc3 Rxc5 20. Rc1 Rac8 21. Kb2 e5 22. Rhe1 Kf6 23. Nhg5 R5c6 24. c4 dxc4 25. Rxc4 Rxc4 26. dxc4 Rxc4 27. Nd2 Rc6 28. Nde4+ Ke7 29. Nc3 Nd4 30. f4 Rb6+ 31. Kc1 Rc6 32. Kd2 Rc5 33. Kd3 Nf5 34. Nge4 Ra5 35. a4 b6 36. Kc4 exf4 37. gxf4 Kd8 38. Kb4 Nc5 39. Rd1+ Kc8 40. Ng5 Na6+ 41. Kb3 Nc5+ 42. Kb4 Ne3 43. Rd6 Nc2+ 44. Kc4 Ne3+ 45. Kb4 Nc2+ 46. Kc4 Ne3+ 47. Kb4 1/2-1/2


[Site "https://www.chess.com"]

[Event "Titled Tuesday Blitz August 24 2021"]
[White "Demin, Vladimir"]
[Black "Martin Carmona, Gaston Manuel"]
[WhiteFideId "4167457"]
[BlackFideId "22284567"]
[WhiteElo "2521"]
[BlackElo "2161"]
[Result "0-1"]
[Round "09"]
[TimeControl "180+1"]
[Date "2021.08.24"]
[WhiteClock "0:00:01"]
[BlackClock "0:00:27"]

1. d4 Nf6 2. c4 g6 3. g3 Bg7 4. Bg2 O-O 5. Nc3 d6 6. Nf3 Nc6 7. O-O a6 8. Qd3 e5 9. Be3 exd4 10. Bxd4 Nxd4 11. Nxd4 c6 12. Rad1 Qc7 13. Nb3 Rd8 14. c5 d5 15. Nd4 Nd7 16. b4 Ne5 17. Qc2 Bd7 18. e4 Bg4 19. f3 Be6 20. exd5 Bxd5 21. Nxd5 cxd5 22. f4 Nc4 23. Rfe1 a5 24. Nb5 Qc6 25. Nd6 Nxd6 26. Bxd5 Qc7 27. Qb3 Nf5 28. a3 axb4 29. axb4 Re8 30. Kg2 Nd4 31. Qc4 Rxe1 32. Rxe1 Rd8 33. h4 h5 34. b5 Nxb5 35. Qxb5 Rxd5 36. Re8+ Kh7 37. Qa4 Rxc5 38. Qe4 Qc6 39. Qxc6 Rxc6 40. Re7 Kg8 41. Rxb7 Rc3 42. Kh3 Bd4 43. Rb2 Rxg3+ 0-1


[Site "https://www.chess.com"]

[Event "Titled Tuesday Blitz August 24 2021"]
[White "Do Nascimento,Christian Almeida"]
[Black "Ivanisevic, Ivan"]
[WhiteFideId "2143801"]
[BlackFideId "912417"]
[WhiteElo "2083"]
[BlackElo "2499"]
[Result "0-1"]
[Round "09"]
[TimeControl "180+1"]
[Date "2021.08.24"]
[WhiteClock "0:01:46"]
[BlackClock "0:01:55"]

1. d4 d5 2. e3 Nf6 3. f4 Bf5 4. Bd3 e6 5. Nf3 c5 6. c3 Nc6 7. O-O Bd6 8. Ne5 O-O 9. a3 Rc8 10. Bxf5 exf5 11. Nd2 Qe7 12. Ndf3 c4 13. Bd2 Ne4 14. Be1 Na5 15. Bh4 f6 16. Nd2 Nxd2 17. Qxd2 Nb3 18. Qc2 Qe6 19. Rae1 fxe5 20. fxe5 Bc7 21. Rf3 Bd8 22. Bg3 Be7 23. Ref1 g6 24. Be1 b5 25. h4 h5 26. g3 Rf7 27. Qg2 Rcf8 28. Rf4 a5 29. Kh2 Nc1 0-1


[Site "https://www.chess.com"]

[Event "Titled Tuesday Blitz August 24 2021"]
[White "Dobrowolski, Piotr"]
[Black "Erdogmus, Yagiz Kaan"]
[WhiteFideId "1106236"]
[BlackFideId "44599790"]
[WhiteElo "2296"]
[BlackElo "1783"]
[Result "1-0"]
[Round "09"]
[TimeControl "180+1"]
[Date "2021.08.24"]
[WhiteClock "0:00:40"]
[BlackClock "0:00:02"]

1. e4 c5 2. c3 d5 3. exd5 Qxd5 4. d4 Nf6 5. Nf3 e6 6. Bd3 Nc6 7. Be3 cxd4 8. cxd4 Be7 9. Nc3 Qd6 10. O-O O-O 11. a3 b6 12. Qe2 Bb7 13. h3 Rfd8 14. Rad1 Rac8 15. Rfe1 Qb8 16. Bb1 g6 17. Ba2 Na5 18. Bh6 Nd5 19. Ne5 Rxc3 20. Bxd5 Bxd5 21. bxc3 Qc8 22. Rc1 Nc4 23. Nxc4 Bxc4 24. Qe3 Bd5 25. c4 Bxc4 26. d5 b5 27. dxe6 f5 28. Qe5 Bf8 29. e7 Bxh6 30. exd8=Q+ Qxd8 31. Rcd1 Qf8 32. Qc7 Bg5 33. Qxa7 Kh8 34. Qd7 Bf7 35. Qxb5 Bf6 36. Qc6 Kg7 37. Rd7 Qxa3 38. Qd5 1-0


[Site "https://www.chess.com"]

[Event "Titled Tuesday Blitz August 24 2021"]
[White "Wagner, Dinara"]
[Black "Leitao, Rafael"]
[WhiteFideId "24157570"]
[BlackFideId "2101246"]
[WhiteElo "2260"]
[BlackElo "2609"]
[Result "0-1"]
[Round "09"]
[TimeControl "180+1"]
[Date "2021.08.24"]
[WhiteClock "0:00:02"]
[BlackClock "0:00:12"]

1. Nf3 Nf6 2. g3 e6 3. c4 d5 4. Bg2 Be7 5. d4 O-O 6. O-O c6 7. Qc2 b6 8. Nbd2 Bb7 9. Rd1 Na6 10. e4 Rc8 11. e5 Nd7 12. b3 c5 13. Bb2 cxd4 14. Bxd4 b5 15. Rac1 bxc4 16. bxc4 dxc4 17. Ng5 Bxg5 18. Bxb7 Nb4 19. Qb1 Nd3 20. Bxc8 Nxc1 21. Qxc1 Qxc8 22. f4 Be7 23. Qxc4 Qb7 24. Rb1 Nb6 25. Qe2 Rd8 26. Nf3 Qd5 27. Bf2 h6 28. Rb5 Qc6 29. Rb1 Qa4 30. Rc1 Nd5 31. Kg2 Rb8 32. Rc2 Qa3 33. Rd2 Rb1 34. f5 Qc1 35. fxe6 fxe6 36. Kh3 Qf1+ 37. Qxf1 Rxf1 38. Kg2 Rb1 39. Nd4 Kf7 40. Nc6 Bg5 41. Rc2 Be3 0-1


[Site "https://www.chess.com"]

[Event "Titled Tuesday Blitz August 24 2021"]
[White "Drozdowski, Kacper"]
[Black "Firat, Burak"]
[WhiteFideId "1136720"]
[BlackFideId "6305881"]
[WhiteElo "2796"]
[BlackElo "2631"]
[Result "1-0"]
[Round "09"]
[TimeControl "180+1"]
[Date "2021.08.24"]
[WhiteClock "0:00:51"]
[BlackClock "0:00:07"]

1. e4 c6 2. d4 d5 3. Nc3 dxe4 4. Nxe4 Nf6 5. Nxf6+ exf6 6. c3 Bd6 7. Bd3 O-O 8. Qc2 Re8+ 9. Ne2 h5 10. Bd2 Nd7 11. O-O-O Nf8 12. Ng3 Qa5 13. Kb1 Be6 14. c4 Qd8 15. Ne4 Rc8 16. Rhe1 b6 17. h3 Bb8 18. Bc3 Ng6 19. Nd2 Nf4 20. Bh7+ Kh8 21. Be4 Qd7 22. h4 b5 23. g3 Ng6 24. Ka1 bxc4 25. Nf1 Ne7 26. Ne3 Nd5 27. Nxc4 Nxc3 28. Qxc3 f5 29. Bf3 f4 30. Ne5 Bxe5 31. Rxe5 fxg3 32. Rxh5+ Kg8 33. fxg3 f6 34. Rc5 Bd5 35. Bh5 Re4 36. Rc1 Rd8 37. Bf3 Re7 38. Bxd5+ cxd5 39. a3 Qg4 40. Ka2 Re2 41. Rc7 Kh7 42. Qd3+ Kh6 43. R1c2 Rde8 44. Rxa7 Rxc2 45. Qxc2 Qxd4 46. Qc1+ Qe3 47. Qxe3+ Rxe3 48. a4 Rxg3 49. a5 Rg4 50. Ka3 Rxh4 51. a6 Rh1 52. b4 Ra1+ 53. Kb2 g5 54. Kxa1 1-0


[Site "https://www.chess.com"]

[Event "Titled Tuesday Blitz August 24 2021"]
[White "Eswaran, Ashritha"]
[Black "Grafil, Franz Robert"]
[WhiteFideId "2080788"]
[BlackFideId "5205298"]
[WhiteElo "2458"]
[BlackElo "2211"]
[Result "0-1"]
[Round "09"]
[TimeControl "180+1"]
[Date "2021.08.24"]
[WhiteClock "0:01:33"]
[BlackClock "0:00:19"]

1. e4 e6 2. d4 d5 3. Nc3 Bb4 4. e5 c5 5. a3 Bxc3+ 6. bxc3 Ne7 7. Qg4 cxd4 8. Qxg7 Rg8 9. Qxh7 Qc7 10. Ne2 dxc3 11. f4 Nbc6 12. Qd3 d4 13. Nxd4 Nxd4 14. Qxd4 Bd7 15. Rg1 Nf5 16. Qf2 Bc6 17. Bd3 b6 18. g4 Ne7 19. a4 O-O-O 20. a5 b5 21. a6 Nd5 22. Be3 Nb4 23. Bxa7 Rxd3 24. Bb6 Nxc2+ 25. Kf1 Rf3 26. Bxc7 Nxa1 27. Qxf3 Bxf3 28. Kf2 Kxc7 29. Rxa1 Bxg4 30. a7 Ra8 31. Ke3 Bf5 32. Kd4 c2 33. Kc5 Kb7 34. Kxb5 Rxa7 35. Rc1 Ra2 36. h4 Rb2+ 37. Kc4 Rb1 38. Rxc2 Bxc2 39. h5 Rh1 40. Kc3 Bf5 41. Kd4 Rxh5 42. Kc5 Rh4 43. Kd6 Rxf4 44. Ke7 Re4 45. Kf6 Kc6 46. Kxf7 Rxe5 47. Kf6 Kd5 48. Ke7 Re2 49. Kd8 Bc2 50. Ke7 e5 51. Kd7 e4 52. Ke7 e3 53. Kd7 Rg2 54. Kc7 Rg6 55. Kb8 e2 56. Kc7 e1=Q 57. Kb7 Qh4 58. Kc7 Qh7+ 0-1


[Site "https://www.chess.com"]

[Event "Titled Tuesday Blitz August 24 2021"]
[White "Farahat, Ali"]
[Black "Krivonosov, Oleg"]
[WhiteFideId "10600507"]
[BlackFideId "11600349"]
[WhiteElo "2453"]
[BlackElo "2698"]
[Result "0-1"]
[Round "09"]
[TimeControl "180+1"]
[Date "2021.08.24"]
[WhiteClock "0:01:42"]
[BlackClock "0:01:17"]

1. e4 e5 2. Nf3 Nc6 3. Bb5 Nf6 4. Nc3 Bd6 5. O-O O-O 6. d3 h6 7. a3 a6 8. Bc4 b5 9. Ba2 Bb7 10. Re1 Re8 11. Ne2 Bf8 12. Ng3 d5 13. exd5 Nxd5 14. d4 Nxd4 15. Nxd4 exd4 16. Rxe8 Qxe8 17. Qxd4 c5 18. Qg4 Qe1+ 19. Nf1 Nf6 20. Qg6 c4 21. Qf5 Rd8 22. b3 Rd1 0-1


[Site "https://www.chess.com"]

[Event "Titled Tuesday Blitz August 24 2021"]
[White "Girinath, P.D.S."]
[Black "Perez Rodriguez, Luis Manuel"]
[WhiteFideId "5000572"]
[BlackFideId "3503364"]
[WhiteElo "2333"]
[BlackElo "2429"]
[Result "1/2-1/2"]
[Round "09"]
[TimeControl "180+1"]
[Date "2021.08.24"]
[WhiteClock "0:00:03"]
[BlackClock "0:00:04"]

1. e4 e5 2. Nf3 Nc6 3. Bb5 a6 4. Ba4 Nf6 5. Bxc6 dxc6 6. Qe2 Qd6 7. d3 Bg4 8. Nbd2 Nd7 9. h3 Bh5 10. Nc4 Qe6 11. Ng5 Qxc4 12. dxc4 Bxe2 13. Kxe2 Nc5 14. Be3 h6 15. Bxc5 hxg5 16. Bxf8 Kxf8 17. Rad1 Ke7 18. Rd3 Rad8 19. Rhd1 Rxd3 20. Rxd3 g6 21. f3 b6 22. b4 Ke6 23. Ra3 Ra8 24. Rd3 a5 25. b5 c5 26. a4 f5 27. Rd5 Rh8 28. Ke3 Re8 29. Rd3 Rc8 30. Rd5 Re8 31. Rd3 Rc8 32. Rd5 c6 33. bxc6 Rxc6 34. Rd3 Rc7 35. Rd5 Rh7 36. Ke2 g4 37. Ke3 gxh3 38. gxh3 Rxh3 39. Rd8 Rh2 40. Rb8 Rxc2 41. Rxb6+ Kf7 42. Ra6 Rxc4 43. Rxa5 Ke6 44. Ra6+ Kf7 45. a5 Ra4 46. Kd3 c4+ 47. Kc3 Ra3+ 48. Kxc4 Rxf3 49. Kd5 Rd3+ 50. Kxe5 Re3 51. Ra7+ Ke8 52. Kf6 Rxe4 53. a6 f4 54. Kxg6 f3 55. Ra8+ Kd7 56. Ra7+ Kc6 57. Rf7 Re6+ 58. Kg5 Re8 59. Rxf3 Ra8 60. Rf6+ Kb5 61. Kg6 Rxa6 62. Rxa6 Kxa6 1/2-1/2


[Site "https://www.chess.com"]

[Event "Titled Tuesday Blitz August 24 2021"]
[White "Golubev, Mikhail"]
[Black "Lauridsen, Jesper Morch"]
[WhiteFideId "14100983"]
[BlackFideId "1401890"]
[WhiteElo "2374"]
[BlackElo "2280"]
[Result "1-0"]
[Round "09"]
[TimeControl "180+1"]
[Date "2021.08.24"]
[WhiteClock "0:00:16"]
[BlackClock "0:00:02"]

1. e4 c5 2. Nf3 d6 3. d4 cxd4 4. Nxd4 Nf6 5. Nc3 g6 6. Be3 Bg7 7. f3 O-O 8. Qd2 Nc6 9. O-O-O Bd7 10. g4 Rc8 11. h4 Qa5 12. Nb3 Qc7 13. h5 Ne5 14. Be2 a5 15. a4 b5 16. hxg6 bxa4 17. g5 Nxe4 18. Nd5 Qd8 19. fxe4 axb3 20. gxf7+ Rxf7 21. c3 Be6 22. Bh5 Qd7 23. Bxf7+ Bxf7 24. Nb6 Qc6 25. Nxc8 Qxc8 26. Qh2 Bg6 27. Rd4 Qc6 28. Rf1 a4 29. Qh3 a3 30. Qe6+ Bf7 31. Rxf7 Nxf7 32. Qxb3 axb2+ 33. Kxb2 Bxd4 34. Bxd4 Qd7 35. Qd5 e6 36. Qa8+ Nd8 37. Bf6 1-0


[Site "https://www.chess.com"]

[Event "Titled Tuesday Blitz August 24 2021"]
[White "Gontcharov, Vladislav"]
[Black "Serikbay, Assel"]
[WhiteFideId "4123492"]
[BlackFideId "13706799"]
[WhiteElo "2503"]
[BlackElo "2044"]
[Result "1-0"]
[Round "09"]
[TimeControl "180+1"]
[Date "2021.08.24"]
[WhiteClock "0:00:01"]
[BlackClock "0:00:04"]

1. e4 c5 2. Nf3 Nc6 3. d4 cxd4 4. Nxd4 Nf6 5. Nc3 e6 6. Ndb5 Bb4 7. a3 Bxc3+ 8. Nxc3 d5 9. exd5 exd5 10. Bd3 O-O 11. O-O Bg4 12. f3 Bh5 13. Ne2 Ne5 14. c3 Qb6+ 15. Kh1 Rad8 16. Nd4 Rfe8 17. Bg5 h6 18. Bxf6 Qxf6 19. Qd2 Bg6 20. Bb5 Re7 21. f4 Ng4 22. f5 Bh7 23. Qf4 Ne3 24. Rf3 Nc4 25. Bxc4 dxc4 26. h3 Rde8 27. Raf1 a6 28. Qd2 b5 29. Qd1 Re4 30. a4 b4 31. Qd2 bxc3 32. bxc3 Qe5 33. Qb2 Re1 34. Qb6 Rxf1+ 35. Rxf1 Qe3 36. Qc6 Qe4 37. Qxc4 g6 38. fxg6 Bxg6 39. Qxa6 Kg7 40. Qf6+ Kh7 41. Kh2 Qd3 42. Rf3 Qe4 43. Qf4 Qe7 44. a5 Rc8 45. a6 Qa7 46. Qf6 Qc7+ 47. Rg3 Qb8 48. Nf5 Rxc3 49. Qg7# 1-0


[Site "https://www.chess.com"]

[Event "Titled Tuesday Blitz August 24 2021"]
[White "Grachev, Boris"]
[Black "Purtseladze, Maka"]
[WhiteFideId "4129199"]
[BlackFideId "13602659"]
[WhiteElo "2580"]
[BlackElo "2178"]
[Result "1-0"]
[Round "09"]
[TimeControl "180+1"]
[Date "2021.08.24"]
[WhiteClock "0:01:59"]
[BlackClock "0:01:13"]

1. d4 e6 2. Bf4 c5 3. e3 Qb6 4. Nc3 d5 5. Nb5 Na6 6. c3 Bd7 7. a4 Nf6 8. Nf3 Be7 9. Bd3 O-O 10. Ne5 c4 11. Nxd7 Nxd7 12. Bc2 f5 13. g4 Rae8 14. gxf5 exf5 15. Rg1 g6 16. Qf3 Nf6 17. Bxf5 Nh5 18. Qxh5 1-0


[Site "https://www.chess.com"]

[Event "Titled Tuesday Blitz August 24 2021"]
[White "Gubajdullin, Alexei"]
[Black "Urazayev, Arystanbek"]
[WhiteFideId "4141202"]
[BlackFideId "13709810"]
[WhiteElo "2358"]
[BlackElo "2321"]
[Result "0-1"]
[Round "09"]
[TimeControl "180+1"]
[Date "2021.08.24"]
[WhiteClock "0:00:01"]
[BlackClock "0:00:18"]

1. d4 Nf6 2. Bf4 d5 3. e3 e6 4. Nd2 c5 5. c3 Nc6 6. Bd3 Qb6 7. Rb1 Bd7 8. Ngf3 Nh5 9. Be5 f6 10. Bg3 g6 11. O-O cxd4 12. exd4 Bh6 13. Re1 Nxg3 14. hxg3 O-O 15. Nb3 Rae8 16. Nc5 Bc8 17. b4 Kg7 18. Bc2 Qc7 19. Qd3 b6 20. Nb3 e5 21. dxe5 fxe5 22. Qxd5 Be6 23. Qe4 Bf5 24. Qe2 Bxc2 25. Qxc2 Nxb4 26. Qe4 Nc6 27. Rbd1 Rf7 28. Rd5 Kg8 29. Red1 Rfe7 30. g4 Nd8 31. g5 Bg7 32. R1d3 Nf7 33. Nbd2 Qc8 34. g3 Qf5 35. Kg2 Rf8 36. c4 Nxg5 37. Nxg5 Qxg5 38. Rf3 Ref7 39. Rxf7 Rxf7 40. Nf3 Qf6 41. c5 bxc5 42. Rxc5 h6 43. Qc2 Qf5 44. Qxf5 Rxf5 45. Rc8+ Rf8 46. Rc6 Rf6 47. Rc8+ Kh7 48. Nxe5 Ra6 49. Nc6 Rxa2 50. Ra8 a6 51. g4 Bc3 52. Kf1 a5 53. Ra7+ Kh8 54. Ne7 a4 55. Nxg6+ Kg8 56. Ne7+ Kf8 57. Ng6+ Ke8 58. Nh4 Rxf2+ 59. Kxf2 Bd4+ 60. Ke2 Bxa7 61. Kd3 Kf7 62. Kc4 Bc5 63. Nf5 Kg6 64. Kc3 a3 65. Kb3 Kg5 0-1


[Site "https://www.chess.com"]

[Event "Titled Tuesday Blitz August 24 2021"]
[White "Helin, Mikael"]
[Black "Kovalchuk94"]
[WhiteFideId "1703838"]
[WhiteElo "1893"]
[BlackElo "2612"]
[Result "0-1"]
[Round "09"]
[TimeControl "180+1"]
[Date "2021.08.24"]
[WhiteClock "0:00:01"]
[BlackClock "0:00:37"]

1. e4 e5 2. f4 exf4 3. Bc4 Nc6 4. Nf3 g5 5. h4 g4 6. Ng5 Ne5 7. Bb3 h6 8. d4 hxg5 9. dxe5 Qe7 10. Nc3 Qxe5 11. Nd5 c6 12. O-O Bc5+ 13. Ne3 Nf6 14. hxg5 Qxg5 15. g3 fxe3 16. Kg2 Qh6 17. Rh1 Qxh1+ 18. Qxh1 Rxh1 19. Kxh1 Nxe4 20. Bc4 Nxg3+ 21. Kg2 Ne4 22. c3 d5 23. Be2 f5 24. b4 Bb6 25. a4 f4 26. a5 f3+ 27. Bxf3 gxf3+ 28. Kxf3 Bc7 29. Bxe3 Be6 30. c4 a6 31. b5 axb5 32. Rh1 Rxa5 33. c5 Ra3 34. Rh8+ Ke7 35. Rh7+ Bf7 0-1


[Site "https://www.chess.com"]

[Event "Titled Tuesday Blitz August 24 2021"]
[White "Hovhannisyan, Robert"]
[Black "Khusnutdinov, Rustam"]
[WhiteFideId "13302507"]
[BlackFideId "13701703"]
[WhiteElo "2669"]
[BlackElo "2571"]
[Result "0-1"]
[Round "09"]
[TimeControl "180+1"]
[Date "2021.08.24"]
[WhiteClock "0:00:06"]
[BlackClock "0:00:12"]

1. e4 e6 2. d4 d5 3. Nc3 Nf6 4. Bg5 Be7 5. e5 Nfd7 6. h4 Nc6 7. Bxe7 Qxe7 8. Qd2 Nb6 9. f4 Bd7 10. Nf3 O-O-O 11. O-O-O f6 12. Kb1 h5 13. Bb5 Kb8 14. Bxc6 Nc4 15. Qc1 Bxc6 16. b3 Qb4 17. Rd3 Be8 18. Ka1 Na3 19. Nb1 Nxb1 20. Kxb1 Bg6 21. Re3 Be4 22. Rhe1 c5 23. Qd2 Qxd2 24. Nxd2 cxd4 25. Rg3 Bf5 26. Nf3 d3 27. cxd3 Bxd3+ 28. Kb2 Bf5 29. Rxg7 fxe5 30. Rxe5 d4 31. Rc5 d3 32. Rcc7 Be4 33. Nd2 Bxg2 34. Rce7 Bd5 35. Kc3 Rhf8 36. Kxd3 Rxf4 37. Ke3 Rxh4 38. Nc4 Rh3+ 39. Kf4 Rf3+ 40. Kg5 Rg3+ 41. Kf6 Rxg7 42. Rxg7 Bxc4 43. bxc4 Re8 44. Ke5 Rh8 45. Rg3 h4 46. Rh3 Rh6 47. Kd6 a6 48. c5 Kc8 49. Rf3 Rh8 50. Rh3 Kd8 51. Kxe6 Kc7 52. Kd5 Rh5+ 53. Kc4 Kd7 54. Kb4 Ke6 55. Ka5 Rxc5+ 56. Kb6 Rh5 57. Kxb7 a5 58. Kb6 Kf6 59. a4 Kg5 60. Rh1 Kg4 61. Rg1+ Kf3 62. Rh1 Kg2 63. Rxh4 Rxh4 64. Kxa5 Kf3 65. Kb5 Ke4 66. a5 Kd5 67. Kb6 Kd6 68. Kb7 Kd7 69. a6 Rb4+ 70. Ka8 Kc7 71. a7 Kb6 72. Kb8 Ka6+ 73. Ka8 Rh4 74. Kb8 Rh8+ 75. Kc7 Kxa7 0-1


[Site "https://www.chess.com"]